 Dungeon Crawl Stone Soup version 0.30.1-11-g7821555f0a (webtiles) character file.

Game seed: 12206934043751361211

75 Buffagor the Slasher (level 4, 0/36 HPs)
             Began as a Barachi Fighter on Dec 1, 2023.
             Was a Follower of the Shining One.
             Slain by a gnoll
             ... wielding a +0 spear
              (3 damage)
             ... on level 3 of the Dungeon.
             The game lasted 00:03:13 (1705 turns).

Buffagor the Slasher (Barachi Fighter)              Turns: 1705, Time: 00:03:14

Health: 0/36       AC:  6    Str: 26    XL:     4   Next: 31%
Magic:  4/4        EV:  9    Int:  8    God:    the Shining One [*.....]
Gold:   58         SH:  4    Dex: 11    Spells: 3/3 levels left

rFire   . . .        f - +1 short sword (speed)
rCold   . . .        c - +0 buckler
rNeg    . . .        b - +0 scale mail
rPois   .            (no helmet)
rElec   .            (no cloak)
rCorr   .            (no gloves)
SInv    .            (no boots)
Will    .....        (no amulet) Stlth
                     g - +6 ring of strength
HPRegen 0.26/turn    (no ring)
MPRegen 0.09/turn

%: no passive effects
@: glowing, slow
A: amphibious, slowness 1, strong legs 1, +LOS
a: Hop, Renounce Religion, Divine Shield


You were on level 3 of the Dungeon.
You worshipped the Shining One.
The Shining One was aware of your devotion.
You visited 1 branch of the dungeon, and saw 3 of its levels.

You collected 58 gold pieces.

Inventory:

Hand Weapons
 a - a +0 long sword
 f - a +1 short sword of speed (weapon)
 q - a +0 great sword
Missiles
 j - 4 boomerangs
 l - 18 stones
 o - 4 poisoned darts
Armour
 b - a +0 scale mail (worn)
 c - a +0 buckler (worn)
Jewellery
 g - a +6 ring of strength (left hand)
Scrolls
 e - a scroll of fog {unknown}
 n - 2 scrolls of identify {unknown}
Potions
 d - a potion of might
 h - a potion of haste {unknown}
 i - 2 potions of degeneration {unknown}
 k - a potion of heal wounds {unknown}
 m - a potion of invisibility {unknown}
 p - 2 potions of attraction {unknown}


   Skills:
 - Level 3.6 Fighting
 + Level 5.4 Long Blades
 - Level 3.6 Armour
 - Level 3.2 Shields


You had 3 spell levels left.
You didn't know any spells.
Your spell library contained the following spells:

 Spells                   Type           Power      Damage    Failure   Level
 Beastly Appendage        Tmut           0%         N/A       75%         1
 Wereblood                Tmut           0%         N/A       87%         2
 Call Canine Familiar     Summ           0%         N/A       98%         3
 Portal Projectile        Hex/Tloc       0%         N/A       98%         3
 Spider Form              Tmut/Pois      0%         N/A       98%         3
 Leda's Liquefaction      Hex/Erth       0%         N/A       100%        4


Dungeon Overview and Level Annotations

Branches:
Dungeon (3/15)

Altars:
The Shining One


Innate Abilities, Weirdness & Mutations

You are amphibious.
You cover ground slowly.
You can hop short distances.
You have an extended range of vision and can be seen from far away.


Message History

The quokka is moderately wounded.
The quokka bites you.
You hit the quokka.
The quokka is almost dead.
You block the bat's attack. The gnoll hits you but does no damage.
You hit the quokka but do no damage.
The quokka is almost dead.
The bat barely misses you. The quokka closely misses you.
The gnoll hits you but does no damage. The gnoll barely misses you.
The frilled lizard bites you.
You hit the quokka.
You kill the quokka!
You hit the gnoll.
The gnoll is lightly wounded.
The frilled lizard barely misses you. The gnoll hits you but does no damage.
The gnoll hits you from afar with a +0 spear!
The gnoll hits you from afar with a +0 spear.
You hit the gnoll but do no damage.
The gnoll is lightly wounded.
You hit the gnoll.
The gnoll is lightly wounded.
You block the gnoll's attack. The gnoll hits you with a +0 whip.
You block the frilled lizard's attack. The gnoll closely misses you.
You barely miss the gnoll.
The gnoll is lightly wounded.
The frilled lizard bites you. The gnoll hits you with a +0 whip!
* * * LOW HITPOINT WARNING * * *
The gnoll hits you from afar with a +0 spear.
* * * LOW HITPOINT WARNING * * *
You block the gnoll's attack.
You hit the gnoll.
The gnoll is moderately wounded.
You hit the gnoll.
The gnoll is severely wounded.
The gnoll hits you from afar with a +0 spear.
* * * LOW HITPOINT WARNING * * *
The gnoll hits you but does no damage. The frilled lizard bites you.
* * * LOW HITPOINT WARNING * * *
The gnoll hits you from afar with a +0 spear.
You die...

.... .... .....
.....#
......######
............
#...g...#.##
#...gg.l#..#
#@.##.# ##.##.#
...####$##.####
#.......>....###
##########.....##
##........#
#......#†.##
#.....†.#...##
.........#.#..#


You could see 3 gnolls and a frilled lizard.

Vanquished Creatures
  A gnoll (D:3)
  2 adders (D:2)
  2 worms (D:2)
  2 dart slugs (D:1)
  2 endoplasms
  2 giant cockroaches
  4 goblins
  2 hobgoblins
  6 kobolds
  3 quokkas
  A ball python (D:2)
  2 bats
  A frilled lizard (D:1)
  8 rats
38 creatures vanquished.

Notes
Turn   | Place    | Note
-------+----------+-------------------------------------------
     0 | D:1      | Buffagor the Barachi Fighter began the quest for the Orb.
     0 | D:1      | Reached XP level 1. HP: 18/18 MP: 1/1
    93 | D:1      | Reached skill level 3 in Long Blades
    93 | D:1      | Reached XP level 2. HP: 15/24 MP: 2/2
   503 | D:1      | Reached skill level 4 in Long Blades
   574 | D:1      | Reached XP level 3. HP: 29/29 MP: 3/3
   679 | D:1      | Found a faded altar of an unknown god.
   910 | D:1      | Prayed at the altar of an unknown god.
   910 | D:1      | Became a worshipper of the Shining One
   910 | D:1      | Reached * piety under the Shining One
  1195 | D:2      | Reached skill level 5 in Long Blades
  1495 | D:2      | Reached XP level 4. HP: 31/36 MP: 4/4
  1705 | D:3      | Slain by a gnoll

Illustrated notes

Levels and vault maps discovered:
D:1:      sevenhm_arrival_forest_fort_large_2, layout_basic,
          dreamdust_ecumenical_altar_hidden_monk_grotto, serial_bayou_pond_a
D:2:      layout_loops_cross
D:3:      layout_rooms, trog_three_pillars_becter, cheibriados_altar_1,
          uniq_crazy_yiuf_cottage, uniq_terence

Skill      XL: |  1  2  3 |
---------------+----------+-----
Long Blades    | 3 4 5 |  5.4
Fighting       | |  3.6
Armour         | |  3.6
Shields        | |  3.2

Action                     |  1- 3 |  4- 6 || total
---------------------------+-------+-------++-------
  Melee: Long sword        |    39 |       ||    39
         Short sword       |    94 |    38 ||   132
 Armour: Scale mail        |    44 |    17 ||    61
  Dodge: Dodged            |    53 |    23 ||    76
  Block: Buckler           |    22 |     8 ||    30
